Map: Winter's Gate LE

Players

Denver

  • Race: Zerg Zerg
  • League: Master
  • Spawn Location: 5:00

lIIllllIIlll (INnoVation) - Winner!

  • Race: Terran Terran
  • League: Master
  • Spawn Location: 11:00

Event: HomeStory Cup XX

VOD

Have the link to the VOD?

Description

Time

  • Played on: Nov. 21, 2019, 4:15 p.m.
  • Length: 17:26

All games in this series

Show
View Real Time Build Order
Export as new Build Order

Denver Zerg 

Build Orders: Hatch First 

Get SALT Encoding   

  12  0:01  Drone  
  13  0:12  Overlord  
  13  0:16  Drone  
  14  0:31  Drone x2  
  16  0:47  Hatchery  
  15  0:51  Drone  
  15  0:54  Drone  
  17  0:57  Drone  
  18  1:09  Extractor  
  17  1:14  Spawning Pool  
  17  1:16  Drone  
  17  1:19  Drone  
  18  1:28  Drone  
  19  1:39  Drone  
  20  1:49  Overlord  
  20  2:01  Zergling x2, Queen x2  
  22  2:02  Zergling x2  
  26  2:10  Drone  
  26  2:11  Drone  
  28  2:25  Hatchery  
  28  2:26  Drone  
  28  2:31  Drone  
  28  2:33  Drone  
  28  2:37  Drone  
  31  2:40  Pneumatized Carapace  
  31  2:42  Drone  
  32  2:48  Overlord  
  32  2:55  Drone x2  
  34  3:00  Queen  
  36  3:08  Drone x2  
  36  3:11  Drone x3  
  41  3:16  Overlord  
  41  3:23  Queen  
  41  3:24  Drone  
  41  3:26  Metabolic Boost  
  44  3:32  Overlord  
  44  3:35  Zergling x2  
  44  3:40  Queen  
  47  3:41  Zergling x4  
  47  3:43  Drone  
  47  3:46  Drone x2  
  52  3:49  Drone  
  52  3:52  Overlord  
  52  3:53  Drone  
  54  3:58  Drone x2  
  54  3:59  Drone  
  57  4:03  Lair  
  57  4:15  Drone x6  
  62  4:17  Drone x2  
  62  4:23  Drone x2, Overlord  
  66  4:24  Extractor  
  66  4:26  Extractor  
  66  4:28  Drone  
  65  4:34  Extractor, Queen, Overlord  
  65  4:37  Overlord  
  66  4:38  Baneling Nest  
  66  4:39  Overlord  
  66  4:43  Evolution Chamber  
  66  4:45  Drone x3  
  66  4:47  Drone x2  
  70  4:54  Drone x2, Overlord  
  70  4:57  Drone  
  70  4:59  Drone x2  
  75  5:01  Drone  
  75  5:02  Drone x3  
  75  5:04  Drone x2  
  81  5:11  Evolution Chamber  
  81  5:12  Queen, Evolution Chamber  
  81  5:15  Drone x3  
  81  5:16  Drone  
  81  5:19  Overlord  
  85  5:23  Overlord  
  85  5:28  Centrifical Hooks  
  85  5:32  Hatchery  
  84  5:36  Zergling x10  
  84  5:37  Overlord  
  84  5:40  Zerg Melee Weapons Level 1  
  89  5:43  Zerg Ground Armor Level 1  
  89  5:45  Zergling x2  
  89  5:46  Zergling x4  
  89  5:48  Baneling x4  
  92  5:53  Zergling x2, Hydralisk Den  
  92  5:54  Zergling x4  
  94  5:58  Zergling x2  
  94  5:59  Zergling x8  
  94  6:00  Drone x2  
  94  6:02  Baneling x4  
  101  6:06  Zergling x6  
  104  6:15  Drone  
  104  6:16  Zergling x6  
  104  6:17  Hatchery  
  108  6:18  Drone x2  
  108  6:21  Queen  
  108  6:24  Zergling x6  
  108  6:25  Zergling x2  
  113  6:29  Grooved Spines  
  113  6:30  Extractor  
  113  6:32  Extractor, Drone x4  
  114  6:36  Overlord  
  114  6:38  Baneling  
  114  6:39  Baneling  
  114  6:40  Drone x2  
  114  6:41  Drone x3  
  114  6:43  Overseer  
  119  6:48  Drone  
  119  6:49  Drone, Hydralisk  
  123  6:55  Infestation Pit, Baneling x5  
  123  6:59  Overlord x2  
  123  7:00  Zergling x8  
  125  7:03  Zergling x8  
  125  7:04  Zergling x2  
  124  7:15  Hydralisk x3  
  128  7:16  Overlord  
  128  7:19  Drone x2  
  128  7:20  Drone  
  133  7:25  Hatchery  
  124  7:30  Hydralisk x6  
  124  7:32  Overlord  
  124  7:35  Baneling x8  
  136  7:37  Hydralisk  
  136  7:41  Extractor  
  136  7:43  Zergling x12  
  143  7:45  Drone  
  143  7:46  Drone x3  
  147  7:52  Zergling x14  
  147  7:57  Zerg Ground Armor Level 2  
  150  8:03  Zergling x12  
  145  8:07  Zerg Melee Weapons Level 2  
  145  8:09  Zergling x12  
  145  8:12  Overlord  
  151  8:15  Baneling x4  
  151  8:16  Overlord  
  151  8:18  Zergling x8  
  152  8:21  Overlord  
  152  8:25  Overlord  
  152  8:26  Zergling x2  
  152  8:27  Zergling x10  
  158  8:31  Hive  
  158  8:39  Hydralisk x2  
  158  8:40  Hydralisk x4  
  170  8:47  Muscular Augments  
  170  8:48  Drone  
  171  8:52  Infestor, Overlord  
  171  8:54  Drone x2, Overlord  
  171  8:55  Drone  
  176  8:56  Overlord  
  171  9:03  Hydralisk  
  171  9:04  Zergling x20, Hydralisk  
  185  9:20  Zergling x26  
  185  9:21  Spire  
  196  9:33  Zergling x12  
  190  9:46  Viper  
  190  9:47  Extractor, Spore Crawler, Viper x2  
  190  9:49  Spore Crawler, Overlord  
  197  9:52  Drone  
  197  9:53  Drone x2  
  197  9:57  Zergling x8  
  199  10:05  Adrenal Glands  
  199  10:13  Zergling x2  
  199  10:14  Zergling x8  
  199  10:18  Hydralisk  
  199  10:19  Hydralisk x4  
  199  10:31  Zerg Ground Armor Level 3, Zerg Melee Weapons Level 3  
  199  10:37  Hatchery, Greater Spire  
  194  10:45  Hatchery, Drone x6  
  199  10:57  Baneling x17  
  193  11:16  Overseer  
  192  11:18  Hatchery  
  179  11:35  Zergling x50  
  190  11:47  Zergling x30, Hydralisk x3  
  172  11:51  Corruptor x4  
  198  11:56  Drone  
  198  12:00  Extractor x2  
  197  12:03  Zerg Flyer Weapons Level 1  
  197  12:05  Overlord  
  197  12:13  Baneling  
  197  12:14  Baneling x9  
  197  12:19  Drone x2  
  199  12:28  Spore Crawler  
  199  12:29  Spore Crawler  
  197  12:30  Spore Crawler  
  197  12:32  Zergling x2  
  197  12:33  Zergling x14  
  197  12:34  Baneling  
  197  12:35  Baneling x12  
  199  12:39  Overseer  
  199  12:48  Burrow, Baneling  
  199  12:49  Baneling x6  
  199  13:04  Zergling x2  
  199  13:05  Zergling x24  
  196  13:11  Zergling x6  
  196  13:12  Zergling x34  
  194  13:20  Zergling x10  
  194  13:22  Hatchery  
  194  13:26  Drone x4  
  200  13:30  Zergling x10  
  198  13:34  Baneling x3  
  198  13:35  Baneling x30  
  195  13:42  Zergling x10  
  195  13:49  Drone x5  
  168  14:05  Zergling x38, Hydralisk x2  
  175  14:10  Hydralisk  
  175  14:11  Hydralisk x3  
  175  14:16  Hydralisk x3  
  180  14:24  Baneling x16  
  180  14:30  Hydralisk x3  
  186  14:43  Hydralisk x6  
  187  15:02  Zergling x22, Hydralisk x2  
  187  15:03  Zergling x2  
  190  15:08  Zerg Flyer Weapons Level 2  
  186  15:18  Infestor x2  
  190  15:32  Zerg Missile Weapons Level 1  
  190  15:35  Drone x3  
  189  15:43  Zergling x20  
  199  15:55  Zergling x2, Hydralisk  
  199  15:56  Zergling x26  
  194  16:01  Zergling x20, Hydralisk  
  194  16:07  Zergling x18  
  185  16:15  Hydralisk  
  185  16:16  Hydralisk x6  
  185  16:18  Baneling x8  
  198  16:28  Hydralisk  
  198  16:29  Hydralisk x4  
  175  16:35  Hydralisk x3  
  175  16:39  Hydralisk x2  
  164  16:46  Hydralisk x3  
  169  16:51  Zergling x10  
  164  16:56  Zergling x8  
  146  17:02  Hydralisk x3  
  146  17:04  Zergling x4  
Show
View Real Time Build Order
Export as new Build Order

lIIllllIIlll Terran - Winner!

Build Orders: Reaper Expand 

Get SALT Encoding   

  12  0:00  SCV  
  13  0:12  SCV  
  14  0:17  Supply Depot  
  14  0:24  SCV  
  15  0:38  SCV  
  15  0:39  Barracks  
  15  0:42  Refinery  
  16  0:50  SCV  
  17  1:02  SCV  
  18  1:14  SCV  
  19  1:26  Orbital Command, Reaper  
  20  1:38  Command Center  
  20  1:51  Supply Depot  
  20  1:52  SCV  
  21  1:58  Marine  
  22  2:04  SCV  
  22  2:07  Factory  
  23  2:13  Refinery  
  23  2:16  SCV  
  23  2:21  Barracks Reactor  
  24  2:28  SCV  
  25  2:41  SCV  
  26  2:52  Starport, Orbital Command  
  26  2:53  SCV  
  27  3:01  Hellion x2  
  27  3:02  Barracks Tech Lab  
  27  3:05  SCV  
  32  3:17  SCV  
  32  3:18  SCV  
  34  3:23  Hellion x2  
  38  3:28  Viking, Supply Depot  
  38  3:30  SCV x2  
  42  3:42  SCV x2  
  44  3:52  Command Center  
  44  3:54  SCV x2  
  44  3:55  Marine x2  
  48  4:05  Supply Depot  
  48  4:06  SCV x2  
  48  4:07  Siege Tank  
  53  4:18  SCV  
  53  4:23  Supply Depot  
  54  4:26  SCV  
  54  4:28  Starport Reactor  
  54  4:30  SCV  
  56  4:31  Marine  
  56  4:33  Barracks  
  56  4:36  Barracks  
  57  4:38  SCV  
  57  4:44  SCV  
  62  4:51  Engineering Bay x2, SCV  
  62  4:52  Refinery  
  60  4:54  Refinery  
  60  4:57  Marine, Factory Tech Lab  
  61  5:01  Stimpack  
  61  5:03  SCV x2  
  61  5:05  Orbital Command  
  63  5:15  SCV x2  
  63  5:17  Terran Infantry Weapons Level 1, Terran Infantry Armor Level 1  
  63  5:20  Marine  
  66  5:21  Starport Reactor  
  66  5:25  Barracks  
  66  5:27  Orbital Command, SCV  
  66  5:28  SCV  
  66  5:29  Barracks  
  66  5:31  Siege Tank  
  69  5:36  Marine x4  
  69  5:39  SCV  
  69  5:40  SCV  
  75  5:51  Supply Depot x2  
  75  5:52  SCV x2  
  75  5:53  SCV  
  75  5:55  Marine x3  
  75  5:56  Marine x2  
  83  6:00  Medivac  
  85  6:12  Medivac, Supply Depot, Siege Tank, SCV x3  
  85  6:13  Supply Depot, Barracks Reactor  
  85  6:15  Barracks Reactor  
  85  6:16  Supply Depot  
  93  6:20  Marine  
  93  6:21  Marine x3  
  93  6:23  Marine  
  93  6:24  SCV x3  
  101  6:35  Armory  
  101  6:36  Supply Depot, SCV  
  101  6:37  Supply Depot, SCV x2  
  104  6:40  Marine x5  
  104  6:44  Siege Tank  
  112  6:50  SCV x3  
  112  6:53  Refinery x2  
  115  6:55  Factory  
  115  7:06  SCV x3  
  111  7:11  Marine x8, Command Center  
  119  7:20  Siege Tank  
  119  7:21  Medivac x2  
  112  7:30  SCV x2  
  112  7:31  SCV  
  115  7:39  Terran Infantry Weapons Level 2, Factory Tech Lab  
  115  7:41  Terran Infantry Armor Level 2  
  115  7:42  SCV x2  
  115  7:43  SCV  
  118  7:49  Missile Turret  
  118  7:50  Missile Turret  
  118  7:52  Siege Tank  
  118  7:54  SCV  
  118  7:55  Medivac, SCV x2  
  121  8:07  SCV x3  
  121  8:12  Siege Tank  
  127  8:16  Terran Vehicle Weapons Level 1  
  128  8:20  SCV x3  
  128  8:24  Siege Tank  
  128  8:25  Marine x4  
  128  8:26  Marine x2  
  128  8:27  Marine x2, Sensor Tower  
  139  8:32  Medivac x2  
  145  8:35  Barracks x2  
  145  8:36  SCV x2, Barracks  
  145  8:37  SCV  
  145  8:40  Marine, Supply Depot  
  149  8:42  Supply Depot  
  149  8:43  Marine x3  
  149  8:47  Combat Shield  
  152  8:48  SCV  
  152  8:49  SCV x2  
  155  8:59  Siege Tank  
  155  9:00  Siege Tank  
  155  9:01  SCV  
  155  9:02  SCV x2  
  151  9:13  SCV  
  151  9:14  SCV x2  
  154  9:25  SCV  
  154  9:26  Barracks Tech Lab, SCV x2  
  154  9:27  Barracks Tech Lab x2  
  157  9:36  Siege Tank x2  
  157  9:37  SCV  
  157  9:38  SCV x2  
  163  9:42  Planetary Fortress  
  162  9:47  Medivac x2  
  162  9:49  SCV  
  162  9:50  SCV x2  
  162  9:52  Supply Depot  
  169  9:54  Marauder, Marine, Supply Depot  
  169  9:55  Supply Depot  
  169  9:56  Marine x8, Marauder  
  169  9:57  Marauder  
  169  10:01  SCV  
  169  10:05  Concussive Shells  
  170  10:11  Refinery, Command Center  
  170  10:12  Refinery, Marine  
  163  10:25  Medivac x2  
  163  10:26  Marauder x2  
  163  10:27  Marauder x2, Marine x7  
  182  10:30  Marine  
  182  10:33  Terran Vehicle And Ship Armor Level 1, Terran Infantry Weapons Level 3  
  183  10:37  Terran Infantry Armor Level 3  
  183  10:45  Marine  
  184  10:53  Marine  
  184  10:54  Marine x6  
  184  10:55  Medivac x2  
  184  10:56  Starport  
  184  10:57  Starport  
  195  10:59  SCV  
  195  11:03  Fusion Core, SCV  
  195  11:04  Marine x2  
  196  11:14  Ghost Academy  
  196  11:21  Marine  
  196  11:22  Marine x6  
  199  11:29  Marine x4, Marauder  
  190  11:39  Marine x2, Medivac x2  
  184  11:40  Marine x3, Starport Reactor  
  184  11:41  Marauder x2, Starport Reactor  
  184  11:43  Siege Tank x2  
  183  11:47  Marine  
  183  11:48  Sensor Tower  
  183  11:50  Armory  
  182  12:07  Ghost x3  
  188  12:09  Viking x2  
  192  12:20  Missile Turret  
  192  12:21  Missile Turret  
  192  12:32  Command Center x2  
  185  12:45  Viking x6, Ghost  
  185  12:47  Personal Cloaking  
  199  13:01  Refinery  
  199  13:03  Refinery  
  187  13:10  SCV x3  
  167  13:15  SCV  
  168  13:22  SCV x3  
  167  13:28  SCV  
  167  13:33  Command Center  
  167  13:34  SCV x3  
  158  13:37  Ghost x4  
  158  13:39  Marine  
  168  13:41  SCV  
  168  13:43  Sensor Tower  
  168  13:44  SCV  
  168  13:46  SCV  
  164  13:56  Command Center  
  164  14:00  SCV x4  
  159  14:04  Liberator x2  
  146  14:13  Liberator  
  146  14:18  Orbital Command  
  146  14:23  Advanced Ballistics  
  152  14:30  Liberator  
  152  14:31  Liberator, SCV  
  156  14:45  Liberator  
  154  14:47  Liberator  
  154  14:49  SCV  
  154  14:50  SCV x2  
  163  15:04  Liberator  
  166  15:09  Planetary Fortress  
  166  15:12  SCV  
  166  15:13  SCV  
  168  15:17  Refinery  
  168  15:22  Liberator  
  168  15:25  SCV x4  
  174  15:32  Liberator  
  174  15:37  Missile Turret, SCV x3  
  180  15:47  Sensor Tower  
  158  16:04  SCV x3  
  158  16:11  Marauder x3, Marine x5  
  152  16:16  SCV x3  
  156  16:24  Marauder  
  158  16:28  SCV  
  158  16:29  Marine  
  158  16:30  Marine x3  
  130  16:43  Marauder x2  
  130  16:44  Marine  
  133  16:47  Orbital Command  
  100  17:07  Marine x7  
Tags
 
Add a new tag
Caveats
  • Supply blocks, unpowered buildings, or Contaminate may cause inaccurate times.
  • Supply counts are checked every 10 seconds.